 Dungeon Crawl Stone Soup version 0.30-a0-728-gc68057be0a (webtiles) character file.

Game seed: 18297212201728683807

2010 DEFE the Magician (level 9, -9/63 HPs)
             Began as a Demonspawn Wanderer on Jan 30, 2023.
             Was an Initiate of Vehumet.
             Killed by divine providence
             ... invoked by an orc priest
              (15 damage)
             ... on level 8 of the Dungeon.
             The game lasted 00:08:50 (6337 turns).

DEFE the Magician (Demonspawn Wanderer)             Turns: 6337, Time: 00:08:50

Health: -9/63      AC: 10    Str: 10    XL:     9   Next: 2%
Magic:  18/18      EV: 11    Int: 22    God:    Vehumet [......]
Gold:   469        SH:  0    Dex: 11    Spells: 13/20 levels left

rFire   . . .      SeeInvis +    t - +1 dagger (venom)
rCold   . . .      Faith    .    (no shield)
rNeg    + . .      Spirit   .    D - +0 steam dragon scales
rPois   .          Reflect  .    n - +1 helmet
rElec   .          Harm     .    (no cloak)
rCorr   .          Rampage  .    (no gloves)
Will    .....                    b - +0 pair of boots
Stlth   +                        (no amulet)
HPRegen 0.30/turn                v - ring of positive energy
MPRegen 0.16/turn                x - ring of see invisible

@: mighty, brilliant
A: hooves 1, thin metallic scales 1, powered by pain 1, condensation shield
a: Renounce Religion


You were on level 8 of the Dungeon.
You worshipped Vehumet.
Vehumet was noncommittal.
You visited 2 branches of the dungeon, and saw 8 of its levels.

You collected 469 gold pieces.

Inventory:

Hand Weapons
 g - a +2 dagger of flaming
 t - a +1 dagger of venom (weapon)
Missiles
 w - a throwing net
Armour
 b - a +0 pair of boots (worn)
 c - a +0 robe
 n - a +1 helmet (worn)
 D - +0 steam dragon scales (worn)
Jewellery
 i - a ring of ice
 v - a ring of positive energy (left hand)
 x - a ring of see invisible (right hand)
Wands
 A - a wand of paralysis (3)
Scrolls
 e - a scroll of acquirement {unknown}
 h - 3 scrolls of vulnerability
 j - 2 scrolls of noise
 l - 2 scrolls of fog {unknown}
 m - 5 scrolls of identify {unknown}
 p - 3 scrolls of teleportation {unknown}
 q - 2 scrolls of blinking {unknown}
 s - a scroll of amnesia {unknown}
 u - a scroll of enchant weapon {unknown}
 y - 2 scrolls of fear {unknown}
Potions
 a - a potion of brilliance
 d - a potion of lignification
 f - 5 potions of curing
 k - 3 potions of degeneration {unknown}
 o - a potion of resistance {unknown}
 r - a potion of mutation {unknown}
 z - a potion of cancellation {unknown}
 B - a potion of flight {unknown}
 C - 2 potions of heal wounds {unknown}
 E - 2 potions of might
 F - a potion of magic {unknown}
 G - a potion of invisibility {unknown}


   Skills:
 - Level 3.0 Fighting
 - Level 1.0 Throwing
 + Level 6.2 Spellcasting
 + Level 5.9 Conjurations
 - Level 1.1 Necromancy
 - Level 3.6 Transmutations
 + Level 5.4 Fire Magic
 - Level 2.3 Poison Magic
 + Level 2.7 Evocations


You had 13 spell levels left.
You knew the following spells:

 Your Spells              Type           Power      Damage    Failure   Level
a - Sting                 Tmut/Pois      100%       1d8       2%          1
b - Foxfire               Conj/Fire      100%       2x1d9     1%          1
c - Fireball              Conj/Fire      24%        3d11      24%         5

Your spell library contained the following spells:

 Spells                   Type           Power      Damage    Failure   Level
 Beastly Appendage        Tmut           68%        N/A       1%          1
 Magic Dart               Conj           100%       1d8       1%          1
 Wereblood                Tmut           34%        N/A       3%          2
 Ignite Poison            Fire/Tmut/Pois 35%        N/A       5%          3
 Passwall                 Tmut/Erth      18%        N/A       6%          2
 Spider Form              Tmut/Pois      29%        N/A       8%          3
 Cigotuvi's Dreadful Rot  Necr/Pois/Air  34%        N/A       9%          2
 Sublimation of Blood     Necr           17%        N/A       9%          2
 Mephitic Cloud           Conj/Pois/Air  28%        N/A       9%          3
 Call Imp                 Summ           10%        N/A       14%         2
 Ensorcelled Hibernation  Hex/Ice        20%        N/A       14%         2
 Swiftness                Air            10%        N/A       26%         3
 Irradiate                Conj/Tmut      21%        3d18      34%         5
 Ice Form                 Ice/Tmut       22%        N/A       38%         4
 Petrify                  Tmut/Erth      22%        N/A       38%         4
 Summon Ice Beast         Ice/Summ       10%        N/A       65%         4
 Starburst                Conj/Fire      24%        6d8       78%         6
 Summon Mana Viper        Hex/Summ       10%        N/A       94%         5
 Monstrous Menagerie      Summ           5%         N/A       100%        7
 Summon Hydra             Summ           5%         N/A       100%        7


Dungeon Overview and Level Annotations

Branches:
Dungeon (8/15)             Temple (1/1) D:7
   Lair: D:8-11

Altars:
Ashenzari
Cheibriados
Dithmenos
Fedhas
Gozag
Hepliaklqana
Kikubaaqudgha
Makhleb
Nemelex Xobeh
Okawaru
Qazlal
Ru
Sif Muna
Trog
Uskayaw
Vehumet
Wu Jian
Xom
Yredelemnul

Shops:
D:3 =

Annotations:
D:1 1 transporter


Innate Abilities, Weirdness & Mutations

You have large cloven feet.
You are partially covered in thin metallic scales. (AC +2)
You sometimes gain a little power by taking damage.
A meltable shield of frost defends you. (SH +0)


Message History

You regained 3 hp, and now have 27/63 hp.
The orc priest hits you with a +0 short sword.
Things that are here:
a +0 dagger; a +0 robe; a white potion You take 1 damage, and have 26/63 hp.
You are too injured to fight recklessly!
You are too injured to fight recklessly!
You hit the orc priest.
The orc priest is poisoned.
The orc priest calls down the wrath of Beogh upon you.
Beogh smites you!
* * * LOW HITPOINT WARNING * * *
You focus on the pain.
You feel your power returning.
You take 12 damage, and have 14/63 hp.
MP restored: 18 The orc priest hits you with a +0 short sword.
* * * LOW HITPOINT WARNING * * *
The orc priest looks encouraged for a moment.
You see here a wyvern corpse.
You take 3 damage, and have 11/63 hp.
Unknown command.
You feel better.
The orc priest hits you but does no damage.
The orc priest hits you with a +0 flail.
* * * LOW HITPOINT WARNING * * *
You regained 3 hp, and now have 14/63 hp.
You puncture the orc priest!
You kill the orc priest!
Vehumet accepts your kill.
The orc priest hits you but does no damage.
Unknown command.
You puncture the orc priest!
The orc priest is poisoned.
The orc priest invokes the aid of Beogh against you.
Beogh smites you!
* * * LOW HITPOINT WARNING * * *
Your magical contamination has completely faded away.
You take 9 damage, and have 5/63 hp.
You barely miss the orc priest.
The orc priest calls down the wrath of Beogh upon you.
Beogh smites you!
You die...

.....###....#
............#
......##....#
#.....<....#
#....##....# #...
+....#####
##.#####.........
........))..>....
########@........
?......o........
.....)...##.####
.........# .#
.........# #
.........#
.........#
.........#


You could see an orc priest (very poisoned).

Vanquished Creatures
  A wyvern (D:8)
  3 steam dragons (D:6)
  A water moccasin (D:7)
  An orc warrior (D:7)
  3 black bears
  A centaur (D:7)
  A phantom (D:3)
  A bullfrog (D:8)
  A necrophage (D:4)
  2 scorpions
  An electric eel (D:7)
  A jelly (D:7)
  A hound (D:6)
  An orc priest (D:8)
  An iguana (D:6)
  3 orc wizards
  Robin (D:3)
  7 adders
  3 gnolls (D:3)
  A shadow imp (D:6)
  A white imp (D:6)
  An ufetubus (D:7)
  2 worms (D:2)
  2 dart slugs (D:1)
  20 orcs
  5 ball pythons
  3 endoplasms
  A giant cockroach (D:4)
  25 goblins
  12 hobgoblins
  8 jackals
  11 kobolds
  6 quokkas
  5 bats
  A frilled lizard (D:1)
  8 rats
146 creatures vanquished.

Vanquished Creatures (collateral kills)
  An ice beast (D:6)
  An iguana (D:6)
  An adder (D:6)
3 creatures vanquished.

Vanquished Creatures (others)
  168 foxfires
168 creatures vanquished.

Grand Total: 317 creatures vanquished

Notes
Turn   | Place    | Note
-------+----------+-------------------------------------------
     0 | D:1      | DEFE the Demonspawn Wanderer began the quest for the Orb.
     0 | D:1      | DEFE set off with the following items: a +0 dagger, a
                  | scroll of summoning, a +0 robe, a potion of lignification;
                  | and the following spell memorised: Sting; and the following
                  | spells available to memorise: Sublimation of Blood,
                  | Cigotuvi's Dreadful Rot, Ignite Poison, Ice Form.
     0 | D:1      | Reached XP level 1. HP: 18/18 MP: 2/2
   341 | D:1      | Gained mutation: You are partially covered in thin metallic
                  | scales. (AC +2) [demonic ancestry]
   341 | D:1      | Reached XP level 2. HP: 20/24 MP: 1/4
   404 | D:1      | Reached skill level 1 in Poison Magic
   560 | D:1      | Reached skill level 2 in Spellcasting
   687 | D:2      | Reached XP level 3. HP: 29/29 MP: 3/6
  1165 | D:2      | Found an ancient bone altar of Kikubaaqudgha.
  1176 | D:2      | Gained mutation: You have large cloven feet. [demonic
                  | ancestry]
  1176 | D:2      | Reached XP level 4. HP: 26/35 MP: 4/8
  1225 | D:2      | Learned a level 1 spell: Foxfire
  1649 | D:3      | Noticed a phantom
  1864 | D:3      | Killed a phantom
  1865 | D:3      | Reached skill level 3 in Spellcasting
  1865 | D:3      | Reached skill level 1 in Conjurations
  1865 | D:3      | Reached skill level 1 in Fire Magic
  1865 | D:3      | Reached XP level 5. HP: 35/41 MP: 3/9
  2053 | D:3      | Learned a level 5 spell: Fireball
  2332 | D:3      | Noticed Robin
  2353 | D:3      | Killed Robin
  2657 | D:3      | Reached XP level 6. HP: 40/47 MP: 11/11
  2824 | D:3      | Found Guhut's Jewellery Boutique.
  3042 | D:4      | Reached skill level 4 in Spellcasting
  3836 | D:4      | You fall into a shaft and drop 2 floors!
  3847 | D:6      | Gained mutation: You sometimes gain a little power by
                  | taking damage. [demonic ancestry]
  3847 | D:6      | Reached XP level 7. HP: 52/52 MP: 10/13
  3955 | D:6      | Noticed a steam dragon
  3967 | D:6      | Killed a steam dragon
  4106 | D:6      | Noticed a steam dragon
  4121 | D:6      | Killed a steam dragon
  4288 | D:6      | Found a sparkling altar of Nemelex Xobeh.
  4288 | D:6      | Found an opulent altar of Gozag.
  4411 | D:6      | Reached skill level 5 in Spellcasting
  4605 | D:6      | Noticed a steam dragon
  4617 | D:6      | Killed a steam dragon
  4618 | D:6      | Gained mutation: A meltable shield of frost defends you.
                  | (SH +0) [demonic ancestry]
  4618 | D:6      | Reached XP level 8. HP: 55/58 MP: 15/15
  5248 | D:7      | Reached skill level 5 in Conjurations
  5354 | D:7      | Found a staircase to the Ecumenical Temple.
  5363 | D:7      | Reached skill level 1 in Evocations
  5373 | Temple   | Entered the Ecumenical Temple
  5388 | Temple   | Became a worshipper of Vehumet
  5521 | D:7      | Reached skill level 5 in Fire Magic
  5837 | D:7      | Reached skill level 6 in Spellcasting
  6094 | D:7      | Found a bloodstained altar of Trog.
  6331 | D:8      | Reached XP level 9. HP: 27/63 MP: 11/18
  6337 | D:8      | Killed from afar by an orc priest

Illustrated notes

Levels and vault maps discovered:
D:1:      spicycebolla_arrival_risky_transporter, layout_rooms,
          hangedman_decor_riveting, minmay_tetromino_i2
D:2:      minmay_razor_zed, layout_rooms, basic_altar
D:3:      kennysheep_goblin_castle, layout_basic, serial_shops,
          nicolae_shop_behind_doors
D:4:      layout_basic, mainiacjoe_overflow_brackets,
          minmay_fractal_squares_diagonal_5
D:6:      layout_loops_ring, grunt_temple_overflow_opulence,
          nicolae_zen_rock_garden
D:7:      layout_basic, nicolae_overflow_two_pavilions,
          minmay_temple_entry_tees, minivault_22, st_stairs_10
D:8:      layout_basic
Temple:   eino_wide_crystal_templ

Skill      XL: |  1  2  3  4  5  6  7  8 |
---------------+-------------------------+-----
Poison Magic   | 1 2 |  2.3
Spellcasting   | 2 3 4 5 6 |  6.2
Conjurations   | 1 2 3 4 5 |  5.9
Fire Magic     | 1 2 3 4 5 |  5.4
Evocations     | 2 |  2.7
Fighting       | |  3.0
Throwing       | |  1.0
Necromancy     | |  1.1
Transmutations | |  3.6

Action                     |  1- 3 |  4- 6 |  7- 9 || total
---------------------------+-------+-------+-------++-------
  Melee: Dagger            |    73 |   147 |   136 ||   356
         Kick              |       |    38 |    13 ||    51
         Punch             |       |       |     1 ||     1
   Cast: Sting             |    25 |     4 |       ||    29
         Foxfire           |       |    71 |    32 ||   103
  Evoke: Wand              |       |       |     8 ||     8
    Use: Scroll            |       |     3 |     1 ||     4
         Potion            |       |       |     3 ||     3
   Stab: Sleeping          |       |     2 |       ||     2
         Paralysed         |       |       |    28 ||    28
 Armour: Robe              |    29 |    74 |     2 ||   105
         Steam dragon scal |       |       |    51 ||    51
  Dodge: Dodged            |    51 |   103 |    77 ||   231
  Block: Other             |       |       |    16 ||    16

Table legend: (Time is in decaauts)
 A = Elapsed time spent in this place.
 B = Non-inter-level travel time spent in this place.
 C = Inter-level travel time spent in this place.
 D = Time resting spent in this place.
 E = Time spent auto-exploring this place.
 F = Levels seen in this place.
 G = Mean time per level.
                   A        B        C        D        E       F      G
               +--------+--------+--------+--------+--------+-----+--------+
         Total |   6333 |   6130 |    203 |   1556 |   3426 |   8 |  791.6 |
       Dungeon |   6269 |   6076 |    193 |   1556 |   3389 |   7 |  895.6 |
        Temple |     64 |     54 |     10 |      0 |     37 |   1 |   64.0 |
               +--------+--------+--------+--------+--------+-----+--------+

Top non-repeatable levels by time:
     D:6: 1222 daAuts
     D:7: 1179 daAuts
     D:3: 1176 daAuts
     D:2: 1072 daAuts
     D:4: 910 daAuts
     D:1: 673 daAuts
  Temple: 64 daAuts
     D:8: 33 daAuts
